 Dungeon Crawl Stone Soup version 0.29.1-4-g47bece8355 (webtiles) character file.

Game seed: 2804253992378615596

823 hawla the Chiller (level 8, -6/58 HPs)
             Began as a Meteoran Ice Elementalist on Dec 11, 2022.
             Killed by divine providence
             ... invoked by an orc priest
              (11 damage)
             ... on level 5 of the Dungeon on Dec 12, 2022.
             The game lasted 00:10:51 (1683 turns).

hawla the Chiller (Meteoran Ice Elementalist)       Turns: 1683, Time: 00:10:52

Health: -6/58      AC:  5    Str:  8 (9)  XL:     8   Next: 40%
Magic:  3/18       EV: 13    Int: 19      God:
Gold:   255        SH:  0    Dex: 13 (15) Spells: 12/20 levels left

rFire   . . .      SeeInvis .   h - +0 scythe (vamp)
rCold   . . .      Faith    .   (shield currently unavailable)
rNeg    . . .      Spirit   .   i - +2 robe {Will+}
rPois   .          Reflect  .   (no helmet)
rElec   .          Harm     .   (no cloak)
rCorr   .          Rampage  .   g - +0 pair of gloves
Will    ++...                   (no boots)
Stlth   +.........              (no amulet)
HPRegen 0.19/turn               (no ring)
MPRegen 0.16/turn               (no ring)

@: freezing walls, attractive, very slightly contaminated, glowing
A: sense surroundings 1, otherworldly, glowing, explore regen
a: no special abilities


You were on level 5 of the Dungeon.
You visited 1 branch of the dungeon, and saw 5 of its levels.

You collected 255 gold pieces.

Inventory:

Hand Weapons
 h - a +0 vampiric scythe (weapon)
Armour
 g - a +0 pair of gloves (worn)
 i - a +2 robe of willpower (worn)
Scrolls
 d - 2 scrolls of identify {unknown}
 e - 4 scrolls of teleportation
Potions
 b - 2 potions of magic
 c - a potion of degeneration


   Skills:
 + Level 0.7 Fighting
 + Level 3.1 Dodging
 - Level 1.4 Stealth
 + Level 6.6 Spellcasting
 + Level 5.1 Conjurations
 + Level 6.9 Ice Magic


You had 12 spell levels left.
You knew the following spells:

 Your Spells              Type           Power      Damage    Failure   Level
a - Freeze                Ice            100%       1d11      1%          1
b - Frozen Ramparts       Ice            64%        1d10      1%          3
c - Hailstorm             Conj/Ice       29%        3d8       9%          4

Your spell library contained the following spells:

 Spells                   Type           Power      Damage    Failure   Level
 Ozocubu's Armour         Ice            32%        N/A       1%          3


Dungeon Overview and Level Annotations

Branches:
Dungeon (5/15) Zot: 1312
 Temple: D:4-7

Altars:
Cheibriados
Elyvilon
Okawaru
Qazlal
Wu Jian
Yredelemnul

Shops:
D:1 :


Innate Abilities, Weirdness & Mutations

You passively map a small area around you.
You are easily found by Zot.
You glow in the dark.
You regain HP and MP as you explore.


Message History

Confirm with . or Enter, or press ? or * to list all spells.
Aiming: Freeze (safe; 1% risk of failure)
Press: ? - help, Shift-Dir - straight line, f/p - orc priest
Aim: an orc priest, wielding a +0 morningstar and wearing a +0 scale mail (severely wounded)
You freeze the orc priest!
You kill the orc priest!
The wall freezes the adder.
The adder bites you but does no damage.
The orc priest mumbles some strange prayers to Beogh against you.
Pain shoots through your body!
Casting: Freeze (safe; 1% risk of failure)
Confirm with . or Enter, or press ? or * to list all spells.
Casting: Hailstorm (dangerous; 9% risk of failure)
Press: ? - help, Dir - look around, f - activate A cannonade of hail descends around you!
The hail pelts the orc priest!
The orc priest is almost dead.
The hail pelts the orc!
You kill the orc!
The wall freezes the adder.
The adder seems to slow down.
The adder bites you but does no damage.
The wall freezes the adder but does no damage.
The adder bites you but does no damage.
The orc priest mumbles some strange prayers to Beogh against you.
Beogh smites you!
* * * LOW HITPOINT WARNING * * *
Casting: Hailstorm (dangerous; 9% risk of failure)
Confirm with . or Enter, or press ? or * to list all spells.
Casting: Hailstorm (dangerous; 9% risk of failure)
Press: ? - help, Dir - look around, f - activate A cannonade of hail descends around you!
The hail pelts the orc priest!
You kill the orc priest!
The hail pelts the orc priest!
The orc priest is almost dead.
The wall freezes the adder.
The adder bites you but does no damage.
It was a potion of attraction.
You feel attractive to monsters.
The orc priest invokes the aid of Beogh against you.
Beogh smites you!
You die...

***,,,,* #...,..## *,,,*>,**
#..##...## *,,,*,,,*
##...##...#*# * **,*,,.,*
#.........##. * **,,*,,..#**
*#........... ***,,,**,#...**
####........... ,,,,,**,,*#...##*
#.##..........#
,,,,,,,,,.#...).###..#..........#
,,,,,,,,,.....o)@#...#..##....###
,,,,,,,,*#.....)S........#.....##
,,*,,,,,*...............##......#
,,,,,,,,,...............#...#....
***,,,,,,...............#..†....#
,***,,,,,.#......................
,,***,,,,*#......................
,,,<,,,,,,.............##........
,,,,,,,,,,............###........


You could see an orc priest and an adder (slow).

Vanquished Creatures
  Sigmund (D:4)
  2 ogres
  The ghost of Aldia the Conjurer, an amateur DECj of Elyvilon (D:4)
  2 scorpions (D:4)
  A jelly (D:4)
  2 orc priests (D:5)
  3 hounds (D:4)
  8 adders
  2 worms
  A dart slug (D:1)
  6 orcs
  3 ball pythons
  6 endoplasms
  A giant cockroach (D:2)
  3 hobgoblins
  4 jackals (D:4)
  5 kobolds
  3 quokkas
  2 frilled lizards (D:1)
  2 rats (D:1)
58 creatures vanquished.

Notes
Turn   | Place    | Note
-------+----------+-------------------------------------------
     0 | D:1      | hawla the Meteoran Ice Elementalist began the quest for the
                  | Orb.
     0 | D:1      | Reached XP level 1. HP: 14/14 MP: 5/5
    78 | D:1      | Reached XP level 2. HP: 5/20 MP: 3/6
   145 | D:1      | Found a faded altar of an unknown god.
   289 | D:1      | Found Tuceywk's Book Emporium.
   427 | D:3      | Reached XP level 3. HP: 19/26 MP: 3/8
   441 | D:3      | Reached skill level 5 in Ice Magic
   485 | D:4      | Learned a level 3 spell: Frozen Ramparts
   496 | D:4      | Reached XP level 4. HP: 28/33 MP: 7/10
   504 | D:4      | Noticed a scorpion
   511 | D:4      | Killed a scorpion
   512 | D:4      | Reached XP level 5. HP: 21/38 MP: 2/12
   517 | D:4      | Learned a level 4 spell: Hailstorm
   604 | D:4      | Noticed an ogre
   609 | D:4      | Killed an ogre
   610 | D:4      | Reached XP level 6. HP: 45/45 MP: 3/13
  1028 | D:4      | Found a runed translucent door.
  1034 | D:4      | Noticed Aldia's ghost (amateur DECj)
  1083 | D:4      | Reached skill level 5 in Conjurations
  1083 | D:4      | Reached XP level 7. HP: 47/50 MP: 0/14
  1123 | D:4      | Reached skill level 5 in Spellcasting
  1207 | D:4      | Noticed Sigmund
  1222 | D:4      | Killed Sigmund
  1226 | D:4      | Found an iron altar of Okawaru.
  1226 | D:4      | Found a white marble altar of Elyvilon.
  1226 | D:4      | Found a basalt altar of Yredelemnul.
  1226 | D:4      | Found a stormy altar of Qazlal.
  1245 | D:4      | Found a snail-covered altar of Cheibriados.
  1250 | D:4      | Found an ornate altar of the Wu Jian Council.
  1354 | D:4      | Killed Aldia's ghost
  1355 | D:4      | Reached XP level 8. HP: 44/58 MP: 11/18
  1588 | D:5      | Entered Level 5 of the Dungeon
  1683 | D:5      | Killed from afar by an orc priest

Illustrated notes

Levels and vault maps discovered:
D:1:      dpeg_arrival_arbitrary_a, layout_loops_ring, serial_shops, shop_coins,
          shapermc_ecumenical_altar_notcrosses
D:2:      layout_loops_cross, corner_web_ring, hangedman_decor_lopped,
          minmay_heptomino_d4
D:3:      layout_basic, cheibrodos_sewer_entry_bend, kennysheep_generic_room_12,
          uniq_terence
D:4:      minmay_razor_zed, layout_basic, minmay_overflow_temple_hex,
          ebering_ghost_sewer_d, uniq_sigmund
D:5:      layout_cave_pools, uniq_blork_the_orc

Skill      XL: |  1  2  3  4  5  6  7  8 |
---------------+-------------------------+-----
Spellcasting   | 3 4 6 |  6.6
Ice Magic      | 5 6 |  6.9
Conjurations   | 3 5 |  5.1
Dodging        | 3 |  3.1
Fighting       | |  0.7
Stealth        | |  1.4

Action                   |  1- 3 |  4- 6 |  7- 9 || total
-------------------------+-------+-------+-------++-------
Melee: Unarmed           |     5 |     3 |     2 ||    10
 Cast: Freeze            |    29 |    19 |    15 ||    63
       Frozen Ramparts   |     1 |    13 |     8 ||    22
       Hailstorm         |       |     3 |     5 ||     8
  Use: Scroll            |     3 |       |     3 ||     6
       Potion            |       |       |     3 ||     3
Armor: Robe              |     7 |     3 |     5 ||    15
Dodge: Dodged            |    13 |     8 |     8 ||    29
